 Dungeon Crawl Stone Soup version 0.24.1-11-gbbbb2193e6 (webtiles) character file.

Game seed: 4719210524913132951, levelgen mode: deterministic

1001 Hugehornet the Insei (level 8, -6/48 HPs)
             Began as an Octopode Transmuter on May 13, 2020.
             Was a Follower of Cheibriados.
             Splashed by a jelly's acid (11 damage)
             ... on level 6 of the Dungeon.
             The game lasted 00:11:06 (5585 turns).

Hugehornet the Insei (Octopode Transmuter)          Turns: 5585, Time: 00:11:07

Health: -6/48      AC: -11   Str: 17    XL:     8   Next: 20%
Magic:  8/13       EV: 13    Int: 24    God:    Cheibriados [*.....]
Gold:   217        SH:  0    Dex: 14    Spells: 4/14 levels left

rFire    . . .     SeeInvis .     - Unarmed
rCold    . . .     Gourm    .   (no shield)
rNeg     . . .     Faith    .   (helmet restricted)
rPois    .         Spirit   .   (no amulet)
rElec    .         Reflect  .   f - +4 ring of protection
rCorr    .         Harm     .   m - +5 ring of intelligence
MR       .....                  (no ring)
Stlth    ++........             (no ring)
HPRegen  0.16/turn              (no ring)
MPRegen  0.13/turn              (no ring)
                                (no ring)
                                (no ring)

@: mighty, appendage (expiring), corroded, very slow
A: almost no armour, stealthy swim, amphibious, 8 rings, constrict 8, tentacle
spike 3, camouflage 1, gelatinous body 1
a: End Transformation, Bend Time, Renounce Religion


You were on level 6 of the Dungeon.
You worshipped Cheibriados.
Cheibriados was aware of your devotion.
You were hungry.
One of your tentacles had a temporary spike.
You visited 2 branches of the dungeon, and saw 7 of its levels.

You collected 217 gold pieces.

Inventory:

Missiles
 a - 92 arrows
Jewellery
 d - an uncursed ring of fire {unknown}
 f - a +4 ring of protection (left tentacle)
 m - a +5 ring of intelligence (right tentacle)
 r - an uncursed ring of ice
Scrolls
 b - 3 scrolls of teleportation
 h - 2 scrolls of amnesia
 k - 2 scrolls of magic mapping
 l - 2 scrolls of enchant weapon {unknown}
 q - 2 scrolls of identify
 s - a scroll of remove curse
Potions
 g - a potion of lignification {unknown}
 i - a potion of resistance {unknown}
 j - a potion of might
 n - 3 potions of flight
 o - a potion of degeneration {unknown}
 p - 2 potions of agility {unknown}
Comestibles
 c - 11 rations


   Skills:
 - Level 1.0 Fighting
 - Level 2.0 Dodging
 - Level 5.8 Unarmed Combat
 + Level 3.9 Spellcasting
 * Level 4.9 Transmutations
 * Level 3.8 Ice Magic
 - Level 3.0 Poison Magic


You had 4 spell levels left.
You knew the following spells:

 Your Spells              Type           Power        Failure   Level  Hunger
a - Beastly Appendage     Tmut           ####..       1%          1    None
b - Sticks to Snakes      Tmut           ####....     1%          2    #......
c - Spider Form           Tmut/Pois      ###.......   6%          3    ##.....
d - Ice Form              Ice/Tmut       ####....     16%         4    ####...

Your spell library contained the following spells:

 Spells                   Type           Power        Failure   Level  Hunger
 Flame Tongue             Conj/Fire      #....        10%         1    None
 Blade Hands              Tmut           ####......   34%         5    ######.


Dungeon Overview and Level Annotations

Branches:
Dungeon (6/15)             Temple (1/1) D:5

Altars:
Cheibriados
Dithmenos
Elyvilon
Fedhas
Gozag
Hepliaklqana
Makhleb
Nemelex Xobeh
Qazlal
Ru
Sif Muna
Vehumet
Wu Jian
Xom
Zin
The Shining One

Annotations:
D:5 exclusion: statue
D:6 exclusion: orc priest


Innate Abilities, Weirdness & Mutations

You cannot wear most types of armour.
You are very stealthy in the water. (Stealth+)
You are amphibious.
You can wear up to eight rings at the same time.
You can use your tentacles to constrict eight enemies at once.
Your skin changes colour to match your surroundings (Stealth+).
Your rubbery body absorbs attacks. (AC +1, EV +1)
One of your tentacles bears a large vicious spike.


Message History

You tentacle-slap the jelly, but do no damage.
The jelly is severely wounded.
The jelly closely misses you.
You tentacle-slap the jelly but do no damage.
The acid corrodes you!
Your tentacles burn!
You pierce the jelly, but do no damage.
The jelly is severely wounded.
The jelly hits you.
You are splashed with acid!
* * * LOW HITPOINT WARNING * * *
You feel better. The jelly hits you.
* * * LOW HITPOINT WARNING * * *
You are splashed with acid!
* * * LOW HITPOINT WARNING * * *
Okay, then.
You feel better. The jelly closely misses you.
You feel very mighty all of a sudden. The jelly hits you.
* * * LOW HITPOINT WARNING * * *
The acid corrodes you!
You are splashed with acid!
You die...

.. ### .# #..#.#
#$... .... ..#
#....#.......#
###†###....#.......#
+..@.#.....#.......#
#..J.#.....+.......#
#....# ....#.......#
##.###+##..#.......#
##.###.##..#........
+..........÷........
#....(.....#........
##.##.###.##........
#.##+# ###.....#'##


You could see a jelly.

Vanquished Creatures
  Edmund (D:4)
  Purgy (D:4)
  A sky beast (D:4)
  A centaur (D:5)
  A bullfrog (D:6)
  A scorpion (D:5)
  A howler monkey (D:4)
  3 hounds
  An orc priest (D:5)
  6 orc wizards
  A worker ant (D:6)
  A killer bee zombie (D:6)
  A howler monkey skeleton (D:5)
  2 adders
  A shadow imp (D:6)
  An ooze (D:1)
  An adder skeleton (D:4)
  2 worms
  4 dart slugs
  A leopard gecko (D:4)
  20 orcs
  5 giant cockroaches
  3 goblins
  2 hobgoblins
  5 jackals
  6 kobolds
  2 quokkas
  A ball python (D:4)
  5 bats
  4 frilled lizards
  A jackal skeleton (D:5)
  A quokka zombie (D:5)
  11 rats
98 creatures vanquished.

Notes
Turn   | Place    | Note
-------+----------+-------------------------------------------
     0 | D:1      | Hugehornet the Octopode Transmuter began the quest for the
                  | Orb.
     0 | D:1      | Reached XP level 1. HP: 13/13 MP: 3/3
    64 | D:1      | You fall into a shaft and drop 1 floor!
   294 | D:1      | Reached XP level 2. HP: 17/18 MP: 3/5
   302 | D:1      | Learned a level 2 spell: Sticks to Snakes
   991 | D:2      | Reached XP level 3. HP: 23/23 MP: 4/6
   996 | D:2      | Learned a level 3 spell: Spider Form
  1033 | D:2      | Found a faded altar of an unknown god.
  1052 | D:2      | Reached skill level 1 in Poison Magic
  1399 | D:3      | Reached XP level 4. HP: 28/28 MP: 6/8
  2048 | D:3      | Reached XP level 5. HP: 33/33 MP: 7/9
  2477 | D:4      | Noticed a sky beast
  2491 | D:4      | Killed a sky beast
  2491 | D:4      | Reached skill level 4 in Unarmed Combat
  2494 | D:4      | Reached skill level 5 in Unarmed Combat
  2494 | D:4      | Reached XP level 6. HP: 38/38 MP: 7/10
  2539 | D:4      | Noticed Purgy
  2552 | D:4      | Killed Purgy
  2561 | D:4      | Learned a level 4 spell: Ice Form
  2757 | D:4      | Reached skill level 1 in Ice Magic
  2757 | D:4      | Reached XP level 7. HP: 22/43 MP: 9/11
  3001 | D:4      | Noticed Edmund
  3015 | D:4      | Killed Edmund
  3313 | D:4      | Found a shadowy altar of Dithmenos.
  3389 | D:4      | Found an ornate altar of the Wu Jian Council.
  3422 | D:4      | Found a shimmering altar of Xom.
  3662 | D:5      | Entered Level 5 of the Dungeon
  3747 | D:5      | Found a hazy altar of Hepliaklqana.
  3832 | D:5      | Found a staircase to the Ecumenical Temple.
  3846 | Temple   | Entered the Ecumenical Temple
  3901 | Temple   | Became a worshipper of Cheibriados the Contemplative
  4087 | D:5      | Found a sacrificial altar of Ru.
  4288 | D:5      | Found a radiant altar of Vehumet.
  4532 | D:5      | Found a shimmering blue altar of Sif Muna.
  4563 | D:5      | Identified Sif Muna's Compendium of Harmful Fire
  4865 | D:5      | Reached XP level 8. HP: 39/48 MP: 11/13
  5217 | D:6      | Reached * piety under Cheibriados
  5583 | D:6      | HP: 1/48 [acid (12)]
  5585 | D:6      | Splashed by a jelly's acid

Levels and vault maps discovered:
D:1:      nzn_arrival_crosshair, layout_basic, kennysheep_another_room,
          minivault_14
D:2:      layout_rooms, chequers_ecumenical_altar_simple_redux
D:3:      layout_loops_ring, first_ration
D:4:      layout_loops_ring, nicolae_overflow_hidden_temple, uniq_purgy,
          uniq_edmund
D:5:      layout_loops_ring, nicolae_ru_sacrificial_ziggurat, led_sif_book,
          lemuel_doored_altar, vehumet_statue, minmay_temple_entry_statues
D:6:      layout_gridville, kiku_gazebo_pond_becter
Temple:   kb_temple_of_zot

Skill      XL: |  1  2  3  4  5  6  7 |
---------------+----------------------+-----
Transmutations | 3 4 |  4.9
Poison Magic   | 1 2 3 |  3.0
Spellcasting   | 3 |  3.9
Unarmed Combat | 5 |  5.8
Ice Magic      | 1 3 |  3.8
Fighting       | |  1.0
Dodging        | |  2.0

Action                   |  1- 3 |  4- 6 |  7- 9 || total
-------------------------+-------+-------+-------++-------
Melee: Unarmed           |    70 |   102 |   101 ||   273
       Constrict         |    21 |    17 |    14 ||    52
       Kick              |    15 |    14 |    14 ||    43
       Tentacles         |     9 |    10 |    12 ||    31
       Punch             |     3 |     4 |     1 ||     8
 Cast: Beastly Appendage |    28 |    18 |    15 ||    61
       Spider Form       |       |     5 |     8 ||    13
       Sticks to Snakes  |       |       |     3 ||     3
 Abil: End Transformatio |       |       |     1 ||     1
  Use: Scroll            |       |     9 |     1 ||    10
       Potion            |       |       |     3 ||     3
 Stab: Sleeping          |     6 |     4 |     3 ||    13
  Eat: Chunk             |     2 |     4 |     3 ||     9
       Ration            |       |       |     2 ||     2
Armor: Skin              |    10 |    28 |    11 ||    49
Dodge: Dodged            |    37 |    75 |    69 ||   181
